 Dungeon Crawl Stone Soup version 0.31.0-11-ge490571c62 (webtiles) character file.

Game seed: 4723592787896636593

22 qw the Shooter (level 2, -1/14 HPs)
             Began as a Spriggan Hunter on Feb 5, 2024.
             Slain by a ribbon worm (7 damage)
             ... on level 2 of the Dungeon.
             The game lasted 00:00:16 (658 turns).

qw the Shooter (Spriggan Hunter)                     Turns: 658, Time: 00:00:17

Health: -1/14      AC:  2    Str:  7    XL:     2   Next: 68%
Magic:  3/3        EV: 19    Int: 10    God:
Gold:   82         SH:  0    Dex: 18    Spells: 1/1 levels left

rFire   . . .        a - +0 shortbow
rCold   . . .        (shield currently unavailable)
rNeg    . . .        c - +0 robe
rPois   .            (helmet restricted)
rElec   .            (no cloak)
rCorr   .            (gloves unavailable)
SInv    +            (boots unavailable)
Will    .....        (no amulet)
Stlth   ++           (no ring)
HPRegen 0.22/turn    (no ring)
MPRegen 0.08/turn

%: no passive effects
@: very quick
A: very small, no large weapons, unfitting armour, see invisible, speed 3
a: no special abilities


You were on level 2 of the Dungeon.
You visited 1 branch of the dungeon, and saw 2 of its levels.

You collected 82 gold pieces.


Innate Abilities, Weirdness & Mutations

You are very small and have problems with some larger weapons.
You are too small for most types of armour.
You have supernaturally acute eyesight. (SInv)
You cover ground extremely quickly. (Speed+++)


   Skills:
 - Level 1.5 Fighting
 + Level 4.2 Ranged Weapons
 - Level 4.1 Dodging
 - Level 1.5 Stealth


You had one spell level left.
You didn't know any spells.
Your spell library was empty.

Inventory:

Hand Weapons
 a - a +0 shortbow (weapon)
Armour
 c - a +0 robe (worn)
Jewellery
 g - a ring of ice
Scrolls
 e - a scroll of teleportation
Potions
 b - a potion of brilliance {unknown}
 d - 2 potions of curing

Dungeon Overview and Level Annotations

Branches:
Dungeon (2/15)

Altars:

Annotations:
D:2 Terence


Message History

646 ||| RETREEEEATING.
647 ||| RETREEEEATING.
You shoot an arrow. The arrow closely misses the bat.
The bat closely misses you.
Terence the Incautious comes into view.
He is wielding a +0 flail.
649 ||| RETREEEEATING.
The goblin attacks as it pursues you! The goblin closely misses you.
You shoot an arrow. The arrow closely misses the goblin.
The arrow hits the quokka!
You kill the quokka!
The bat misses you. The goblin closely misses you. The bat closely misses you.
You shoot an arrow. The arrow closely misses the goblin.
The arrow closely misses the quokka.
The arrow hits the ribbon worm.
The ribbon worm is lightly wounded.
The bat completely misses you. The goblin closely misses you.
The bat barely misses you.
You shoot an arrow. The arrow hits the goblin!
You kill the goblin!
The bat misses you. The bat hits you. The quokka barely misses you.
You shoot an arrow. The arrow misses the bat.
The arrow barely misses the ribbon worm.
The bat hits you but does no damage. The quokka completely misses you.
You shoot an arrow. The arrow barely misses the quokka.
The bat hits you. The quokka completely misses you. The bat barely misses you.
The quokka misses you.
You shoot an arrow. The arrow hits the bat.
You kill the bat!
The quokka bites you.
The ribbon worm expels a string of sticky webbing.
The stream of webbing hits you but does no damage.
You are caught in a web!
You struggle to detach yourself from the web.
The quokka bites you but does no damage.
The web tears apart.
The quokka completely misses you.
You shoot an arrow.
The arrow barely misses the ribbon worm.
The quokka barely misses you. The ribbon worm bites you!
Ouch! That really hurt!
You die...

## .# . # ..# .##.
... ..# #@. ..##.#
#g..# #...#
#########.%.#
#.....@w..##.#
#.#####r..#
####..##.# #..|..#
#.. ##### #.#.##.#
..# #..<# #.#.#
#....#
#.#####.#.###.....
#.......#.....#####
#######....####


You could see a ribbon worm (catching breath) and a quokka.

Vanquished Creatures
  2 dart slugs
  A ball python (D:1)
  A giant cockroach (D:1)
  4 goblins
  A hobgoblin (D:1)
  3 kobolds (D:1)
  2 quokkas
  A bat (D:2)
  A frilled lizard (D:1)
16 creatures vanquished.

Notes
Turn   | Place    | Note
-------+----------+-------------------------------------------
     0 | D:1      | qw the Spriggan Hunter began the quest for the Orb.
     0 | D:1      | Reached XP level 1. HP: 10/10 MP: 2/2
     0 | D:1      | 0 ||| qw: Version: 0.3-a-160-g6735b56
     0 | D:1      | 0 ||| qw: Game counter: 6552
     0 | D:1      | 0 ||| qw: Melee chars always use a shield: true
     0 | D:1      | 0 ||| qw: God list: Okawaru
     0 | D:1      | 0 ||| qw: Allow faded altars: false
     0 | D:1      | 0 ||| qw: Do Orc after clearing Dungeon:15 true
     0 | D:1      | 0 ||| qw: Do second Lair branch before Depths: true
     0 | D:1      | 0 ||| qw: Lair rune preference: random
     0 | D:1      | 0 ||| qw: Goals: Normal
     0 | D:1      | 0 ||| PLANNING D:1-11
    44 | D:1      | Reached skill level 3 in Dodging
   160 | D:1      | Reached XP level 2. HP: 14/14 MP: 3/3
   589 | D:1      | 589 ||| READING 2 scrolls labelled KUROIG BACSUUTH.
   594 | D:1      | 594 ||| READING scroll labelled DIMOTIQ MIRITH.
   594 | D:1      | 594 ||| IDENTIFYING 2 brown potions
   595 | D:1      | 595 ||| DROPPING scroll of butterflies.
   646 | D:2      | 646 ||| RETREEEEATING.
   647 | D:2      | 647 ||| RETREEEEATING.
   648 | D:2      | Noticed Terence
   649 | D:2      | 649 ||| RETREEEEATING.
   658 | D:2      | Slain by a ribbon worm

Levels and vault maps discovered:
D:1:      spicycebolla_arrival_clurvy, layout_loops_cross,
          chequers_serial_rivers_room_b
D:2:      layout_basic, minmay_vboxes, uniq_crazy_yiuf_cottage, uniq_terence

Skill      XL: |  1  2 |
---------------+-------+-----
Dodging        | 3 4 |  4.1
Fighting       | |  1.5
Ranged Weapons | |  4.2
Stealth        | |  1.5

Action                     || total
---------------------------++-------
   Fire: Shortbow          ||    48
    Use: Scroll            ||     2
 Armour: Robe              ||    11
  Dodge: Dodged            ||    27

Table legend:
 A = Non-vault XP
 B = Vault XP
 C = Vault XP percentage of total XP
 D = Non-vault monster count
 E = Vault monster count
 F = Vault count percentage of total count
                 A         B        C        D         E       F
            +---------+---------+-------+---------+---------+-------
      Total |      24 |       8 |  25.0 |      12 |       4 |  25.0
            +---------+---------+-------+---------+---------+-------
        D:1 |      24 |       0 |   0.0 |      12 |       0 |   0.0
        D:2 |       0 |       8 | 100.0 |       0 |       4 | 100.0
            +---------+---------+-------+---------+---------+-------
